 Dungeon Crawl Stone Soup version 0.28-a0-245-g639a1a48b9 (webtiles) character file.

Game seed: 12008241072732066808

5506 lessens the Impaler (level 10, -3/82 HPs)
             Began as a Merfolk Wanderer on July 30, 2021.
             Slain by a hornet (7 damage)
             ... while paralysed by a hornet
             ... on level 9 of the Dungeon on Aug 24, 2021.
             The game lasted 00:36:18 (13439 turns).

lessens the Impaler (Merfolk Wanderer)             Turns: 13439, Time: 00:36:18

Health: -3/82      AC: 11    Str: 14    XL:     10   Next: 70%
Magic:  0/10       EV:  2    Int: 17    God:
Gold:   868        SH:  0    Dex: 16    Spells: 9/9 levels left

rFire   . . .      SeeInvis .   G - +0 halberd
rCold   . . .      Faith    .   (shield currently unavailable)
rNeg    . . .      Spirit   +   A - +3 leather armour
rPois   .          Reflect  .   L - +0 helmet
rElec   .          Harm     .   g - +1 cloak
rCorr   .          Rampage  .   s - +0 pair of gloves
Will    .....                   r - +0 pair of boots
Stlth   +.........              J - amulet of guardian spirit
HPRegen 0.23/turn               i - +6 ring of intelligence
MPRegen 0.12/turn               n - ring of wizardry

@: paralysed, studying Throwing
A: (nimble swimmer 2), mertail
a: no special abilities


You were on level 9 of the Dungeon.
You visited 2 branches of the dungeon, and saw 10 of its levels.
You also visited: Ossuary.

You collected 896 gold pieces.
You spent 28 gold pieces at shops.

Inventory:

Hand Weapons
 a - a +2 hand crossbow
 b - a +0 trident
 q - a +1 dagger of electrocution
 G - a +0 halberd (weapon)
 N - a +2 spear of venom
Missiles
 f - 241 stones
 h - 45 bolts
 y - 29 poisoned darts (quivered)
 H - a throwing net
 M - 2 boomerangs
Armour
 e - a +0 robe
 g - a +1 cloak (worn)
 p - a +0 ring mail
 r - a +0 pair of boots (worn)
 s - a +0 pair of gloves (worn)
 x - a +0 scale mail
 A - a +3 leather armour (worn)
 L - a +0 helmet (worn)
Jewellery
 i - a +6 ring of intelligence (left hand)
 n - a ring of wizardry (right hand)
 J - an amulet of guardian spirit (around neck)
Wands
 k - a wand of polymorph (8)
 t - a wand of digging (11)
 C - a wand of paralysis (1)
 O - a wand of iceblast (13)
 P - a wand of acid (13)
Scrolls
 d - 2 scrolls of teleportation
 j - 4 scrolls of enchant armour
 u - a scroll of fog
 w - a scroll of noise {unknown}
 z - 3 scrolls of vulnerability {unknown}
 D - a scroll of magic mapping {unknown}
 E - a scroll of amnesia
 F - 2 scrolls of enchant weapon {unknown}
 I - 6 scrolls of identify
 Q - a scroll of silence {unknown}
Potions
 c - 4 potions of lignification
 l - 4 potions of flight
 m - 3 potions of attraction
 o - a potion of cancellation
 v - 2 potions of curing
 B - a potion of brilliance
 K - a potion of ambrosia
 R - a potion of haste {unknown}


   Skills:
 + Level 8.5 Fighting
 * Level 16.8 Polearms
 - Level 1.5 Crossbows
 - Level 1.0 Throwing
 - Level 1.0 Armour
 - Level 8.0 Dodging
 - Level 1.0 Shields


You had 9 spell levels left.
You didn't know any spells.
Your spell library contained the following spells:

 Spells                   Type           Power      Damage    Failure   Level
 Beastly Appendage        Tmut           0%         N/A       12%         1
 Magic Dart               Conj           0%         1d3       12%         1
 Searing Ray              Conj           0%         3d3       17%         2
 Static Discharge         Conj/Air       0%         N/A       17%         2
 Wereblood                Tmut           0%         N/A       17%         2
 Spider Form              Tmut/Pois      0%         N/A       32%         3
 Dispel Undead            Necr           0%         3d6       71%         4
 Fulminant Prism          Conj/Hex       0%         3d6       71%         4
 Hailstorm                Conj/Ice       0%         3d3       71%         4
 Ice Form                 Ice/Tmut       0%         N/A       71%         4
 Sticky Flame             Conj/Fire      0%         2d3       71%         4
 Simulacrum               Ice/Necr       0%         N/A       100%        6


Dungeon Overview and Level Annotations

Branches:
Dungeon (9/15)             Temple (1/1) D:5         Ossuary (visited)
   Lair: D:8-11         Orc: D:9-12

Altars:
Ashenzari
Dithmenos
Elyvilon
Fedhas
Gozag
Hepliaklqana
Kikubaaqudgha
Makhleb
Nemelex Xobeh
Qazlal
Ru
Sif Muna
Trog
Uskayaw
Vehumet
Xom
Yredelemnul
Zin
The Shining One
Lugonu

Shops:
D:3 ?

Annotations:
D:6 3 runed translucent doors, ragingrage's ghost, weakling GrDe


Innate Abilities, Weirdness & Mutations

((You are quick and stealthy near water. (Stealth+, EV+, Speed+++)))
Your lower body shifts to a powerful aquatic tail in water.


Message History

You feel very sick.
The hornet stings you but does no damage.
The hornet stings you!
You suddenly lose the ability to move!
You feel yourself speed up.
You feel very sick. The hornet stings you.
* * * LOW HITPOINT WARNING * * *
You feel yourself slow down.
You feel yourself speed up.
You feel very sick. The hornet stings you.
* * * LOW HITPOINT WARNING * * *
You feel yourself slow down. The hornet stings you!
* * * LOW HITPOINT WARNING * * *
You feel as though you will be slow longer.
You can move again.
Unknown command.
Unknown command.
You feel better.
The hornet stings you but does no damage. x2
Aiming: Paralyse
Press: ? - help, Shift-Dir - straight line, f - hornet
Aim: a hornet (heavily wounded, chance to affect: 37%)
The hornet easily resists.
The hornet stings you but does no damage.
The hornet barely misses you.
Aiming: Paralyse
Press: ? - help, Shift-Dir - straight line, f/p - hornet
Aim: a hornet (heavily wounded, chance to affect: 37%)
The hornet easily resists.
The hornet barely misses you. The hornet misses you. The hornet stings you!
* * * LOW HITPOINT WARNING * * *
You suddenly lose the ability to move!
You feel yourself speed up. The hornet stings you.
* * * LOW HITPOINT WARNING * * *
You feel yourself slow down.
You feel yourself speed up. The hornet stings you!
You die...

#.. #.# ##.## #.#
#...# #.# #...#
#.#### #...# #....#
#####...#####.#
..###............##
............y@.#
#..).........#
###.#...#.##..#
#)#)..#.##$#...
#)..........#.#.
#.......##......
#...†...###.# #..
.########.#.....#
.# #.
.#........###...#


You could see a hornet.

Vanquished Creatures
  A centaur warrior (D:8)
  Joseph (D:7)
  Sigmund (D:4)
  A yak (D:8)
  Menkaure (D:4)
  A water moccasin (D:7)
  Duvessa (D:6)
  2 orc warriors
  2 sky beasts
  2 black bears
  2 ice beasts (D:8)
  An ogre (D:5)
  3 centaurs
  A phantom (D:5)
  A kobold brigand (D:8)
  Blork the orc (D:4)
  4 bullfrogs
  An elf zombie (Ossuary)
  Dowan (D:6)
  A wyvern zombie (D:8)
  A gnoll sergeant (D:7)
  4 scorpions
  2 water moccasin skeletons (D:5)
  4 howler monkeys
  5 centaur zombies
  4 hounds
  A human zombie (Ossuary)
  2 jellies
  3 gnoll shamans
  2 orc priests
  Crazy Yiuf (D:4)
  A bullfrog skeleton (D:5)
  2 centaur skeletons
  3 iguanas
  7 orc wizards
  Natasha (thrice) (D:4 D:3)
  Ijyb (D:4)
  A killer bee zombie (D:8)
  2 hound zombies (Ossuary)
  3 mummies (Ossuary)
  3 howler monkey skeletons
  3 howler monkey zombies
  23 gnolls
  9 adders
  3 white imps
  2 ufetubi
  2 adder zombies (Ossuary)
  An adder skeleton (D:5)
  3 worms
  3 dart slugs
  35 orcs
  7 bats
  9 endoplasms
  3 giant cockroaches
  4 gnoll zombies (Ossuary)
  9 goblins
  8 hobgoblins
  4 quokkas
  9 ball pythons
  6 frilled lizards (D:1)
  6 goblin zombies (Ossuary)
  2 hobgoblin zombies (Ossuary)
  3 jackal zombies (Ossuary)
  16 kobolds
  2 kobold zombies (Ossuary)
  An orc zombie (Ossuary)
  6 quokka zombies (Ossuary)
  2 rats (D:1)
  3 rat zombies (Ossuary)
268 creatures vanquished.

Vanquished Creatures (collateral kills)
  An orc priest (D:5)
  An iguana (D:5)
  An orc (D:5)
3 creatures vanquished.

Vanquished Creatures (others)
  A human (D:4)
  2 bushes (D:4)
  13 plants (D:4)
16 creatures vanquished.

Grand Total: 287 creatures vanquished

Notes
Turn   | Place    | Note
-------+----------+-------------------------------------------
     0 | D:1      | lessens the Merfolk Wanderer began the quest for the Orb.
     0 | D:1      | lessens set off with the following items: a +2 hand
                  | crossbow, 26 bolts, a potion of lignification, a scroll of
                  | teleportation, a +0 robe
     0 | D:1      | Reached XP level 1. HP: 20/20 MP: 1/1
    48 | D:1      | Found a faded altar of an unknown god.
   127 | D:1      | Reached XP level 2. HP: 26/26 MP: 2/2
   596 | D:1      | Reached XP level 3. HP: 32/32 MP: 3/3
   800 | D:1      | Reached skill level 5 in Fighting
  1908 | D:2      | Reached XP level 4. HP: 39/39 MP: 4/4
  2264 | D:3      | Found a white marble altar of Elyvilon.
  2282 | D:3      | Found Xecat's Magic Scroll Shoppe.
  2299 | D:3      | Bought a scroll of identify for 28 gold pieces
  2550 | D:3      | Noticed a sky beast
  2621 | D:2      | Upgraded the game from 0.28-a0-60-g54b5640690 to
                  | 0.28-a0-245-g639a1a48b9
  2935 | D:3      | You fall into a shaft and drop 1 floor!
  2935 | D:4      | Noticed Natasha
  2945 | D:4      | Noticed Menkaure
  2958 | D:4      | Found a sacrificial altar of Ru.
  2966 | D:4      | Noticed a scorpion
  2966 | D:4      | Noticed Eustachio
  3203 | D:3      | Found a burning altar of Makhleb.
  3208 | D:3      | Noticed a green death
  3534 | D:3      | Reached skill level 1 in Polearms
  3966 | D:4      | Noticed Sigmund
  4002 | D:4      | Killed Sigmund
  4003 | D:4      | Reached skill level 5 in Polearms
  4003 | D:4      | Reached XP level 5. HP: 12/44 MP: 5/5
  4003 | D:4      | Reached XP level 6. HP: 13/51 MP: 6/6
  4324 | D:4      | Killed Natasha
  4325 | D:4      | Reached skill level 6 in Polearms
  4877 | D:4      | Noticed Natasha
  4888 | D:3      | Killed Natasha
  4954 | D:3      | Noticed Natasha
  4969 | D:3      | Killed Natasha
  5092 | D:3      | Reached skill level 7 in Polearms
  5451 | D:4      | Found a hazy altar of Hepliaklqana.
  5459 | D:4      | Noticed Ijyb
  5474 | D:4      | Killed Ijyb
  5501 | D:4      | Reached XP level 7. HP: 51/56 MP: 7/7
  5516 | D:4      | Reached skill level 8 in Polearms
  5581 | D:4      | Found a blossoming altar of Fedhas.
  5586 | D:4      | Noticed Eustachio
  5586 | D:4      | Eustachio changed into Eustachio the worm
  5592 | D:4      | Killed Eustachio the worm
  5650 | D:4      | Killed Menkaure
  5651 | D:4      | Reached skill level 9 in Polearms
  5907 | D:4      | Noticed Blork the orc
  5918 | D:4      | Killed Blork the orc
  6143 | D:4      | Found a runed translucent door.
  6144 | D:4      | Noticed Crazy Yiuf
  6207 | D:4      | Reached skill level 10 in Polearms
  6236 | D:4      | Reached XP level 8. HP: 44/63 MP: 8/8
  6241 | D:4      | Reached skill level 5 in Dodging
  6382 | D:4      | Found an ancient bone altar of Kikubaaqudgha.
  6536 | D:4      | Killed Crazy Yiuf
  6777 | D:5      | Entered Level 5 of the Dungeon
  6818 | D:5      | Found a staircase to the Ecumenical Temple.
  6825 | Temple   | Entered the Ecumenical Temple
  6872 | D:5      | Found a basalt altar of Yredelemnul.
  6995 | D:5      | Found a sand-covered staircase.
  7000 | Ossuary  | Entered an ossuary
  7152 | Ossuary  | Reached skill level 11 in Polearms
  7838 | D:5      | Found a broken altar of Ashenzari.
  7872 | D:5      | Reached skill level 12 in Polearms
  8440 | D:5      | Reached XP level 9. HP: 67/68 MP: 9/9
  8613 | D:5      | Reached skill level 13 in Polearms
  8933 | D:6      | Noticed Duvessa
  8946 | D:6      | Noticed Dowan
  9644 | D:6      | Killed Duvessa
  9654 | D:6      | Killed Dowan
  9979 | D:6      | Found a runed translucent gate.
  9981 | D:6      | Found a runed translucent gate.
  9981 | D:6      | Noticed ragingrage's ghost (weakling GrDe)
  9982 | D:6      | Found a runed translucent gate.
 10112 | D:6      | Found a shimmering blue altar of Sif Muna.
 10311 | D:6      | Reached skill level 14 in Polearms
 10382 | D:6      | Found an opulent altar of Gozag.
 10492 | D:7      | Noticed Joseph
 11760 | D:7      | Reached skill level 15 in Polearms
 11771 | D:7      | Killed Joseph
 11772 | D:7      | Reached XP level 10. HP: 76/79 MP: 10/10
 12466 | D:8      | Reached skill level 16 in Polearms
 12492 | D:8      | Noticed a centaur warrior
 12506 | D:8      | HP: 4/80 [centaur warrior (9)]
 12507 | D:8      | Killed a centaur warrior
 13428 | D:9      | Paralysed by a hornet for 2 turns
 13432 | D:9      | Paralysed by a hornet for 3 turns
 13437 | D:9      | Paralysed by a hornet for 3 turns
 13438 | D:9      | HP: 4/82 [hornet (5)]
 13439 | D:9      | Slain by a hornet

Illustrated notes

Levels and vault maps discovered:
D:1:      matt_arrival_diagonals, layout_basic,
          ebering_ecumenical_altar_petrified
D:2:      layout_basic, minmay_misc_feat_ornament, serial_bayou_lake_a
D:3:      layout_loops_corners, makhleb_altar_promises_db,
          mainiacjoe_overflow_paths, serial_shops,
          nicolae_shop_competitors_out_of_business
D:4:      minmay_spotlight, layout_basic, tgw_kikubaaqudgha,
          nicolae_ru_awakened_eye, fedhas_altar_decomposition,
          mainiacjoe_overflow_six_doors_small, corexii_leaking_fountain,
          grunt_decor_junction, st_stairs_1, uniq_blork_the_orc, uniq_eustachio,
          uniq_crazy_yiuf_cottage, uniq_sigmund, uniq_natasha, uniq_ijyb,
          uniq_menkaure
D:5:      minmay_polygon_palace, layout_cave_pools, lemuel_round_altar,
          nicolae_overflow_crystal_walls, minmay_temple_entry_mini_moons,
          enter_ossuary_5
D:6:      layout_loops_ring, nicolae_gozag_cash_rules_everything_around_me,
          mainiacjoe_overflow_catwalk, ebering_ghost_rock_garden, uniq_duvessa
D:7:      layout_basic, uniq_joseph
D:8:      layout_cave_pools, minmay_manual_monstrance
D:9:      layout_loops_cross, nicolae_wu_jian_wuxing_cycle
Temple:   corrupted_temple

Skill      XL: |  1  2  3  4  5  6  7  8  9 10 |
---------------+-------------------------------+-----
Dodging        | 2 3 4 7 8 |  8.0
Fighting       | 5 7 8 |  8.5
Polearms       | 5 7 10 12 15 16 | 16.8
Crossbows      | |  1.5
Throwing       | |  1.0
Armour         | |  1.0
Shields        | |  1.0

Action                   |  1- 3 |  4- 6 |  7- 9 | 10-12 || total
-------------------------+-------+-------+-------+-------++-------
Melee: Trident           |       |   140 |   538 |       ||   678
       Unarmed           |       |     6 |       |       ||     6
       Halberd           |       |       |   218 |   135 ||   353
 Fire: Hand crossbow     |    92 |    31 |       |       ||   123
Throw: Dart              |       |     3 |     4 |       ||     7
       Stone             |       |     1 |       |       ||     1
Evoke: Wand              |       |       |     5 |     4 ||     9
  Use: Potion            |       |     4 |     1 |     3 ||     8
       Scroll            |       |     3 |     8 |     2 ||    13
 Stab: Sleeping          |       |     2 |     1 |       ||     3
       Distracted        |       |       |     1 |       ||     1
       Paralysed         |       |       |     8 |     4 ||    12
Armor: Robe              |     8 |    44 |       |       ||    52
       Skin              |       |    13 |     2 |       ||    15
       Scale mail        |       |    14 |       |       ||    14
       Leather armour    |       |       |   198 |    48 ||   246
Dodge: Dodged            |    17 |   127 |   392 |    61 ||   597

Table legend: (Time is in decaauts)
 A = Elapsed time spent in this place.
 B = Non-inter-level travel time spent in this place.
 C = Inter-level travel time spent in this place.
 D = Time resting spent in this place.
 E = Time spent auto-exploring this place.
 F = Levels seen in this place.
 G = Mean time per level.
                   A        B        C        D        E       F      G
               +--------+--------+--------+--------+--------+-----+--------+
         Total |  13263 |  12520 |    743 |   2236 |   7829 |  11 | 1205.7 |
       Dungeon |  12628 |  11896 |    732 |   2236 |   7430 |   9 | 1403.1 |
        Temple |     33 |     22 |     11 |      0 |      0 |   1 |   33.0 |
       Ossuary |    601 |    601 |      0 |      0 |    399 |   1 |  601.0 |
               +--------+--------+--------+--------+--------+-----+--------+

Top non-repeatable levels by time:
     D:3: 2596 daAuts
     D:6: 1750 daAuts
     D:4: 1750 daAuts
     D:5: 1623 daAuts
     D:7: 1276 daAuts
     D:1: 1262 daAuts
     D:2: 1190 daAuts
     D:8: 894 daAuts
 Ossuary: 601 daAuts
     D:9: 282 daAuts
  Temple: 33 daAuts
